 Dungeon Crawl Stone Soup version 0.27-a0-1280-g9d2d252d84 (webtiles) character file.

Game seed: 5846832436583757085

32573 Delamore the Peltast (level 14, -3/99 HPs)
             Began as a Formicid Fighter on June 13, 2021.
             Was an Initiate of Gozag.
             Slain by a death yak (11 damage)
             ... on level 6 of the Lair of Beasts.
             The game lasted 00:15:30 (13885 turns).

Delamore the Peltast (Formicid Fighter)            Turns: 13885, Time: 00:15:30

Health: -3/99      AC: 18    Str: 28    XL:     14   Next: 3%
Magic:  14/14      EV:  9    Int: 24    God:    Gozag
Gold:   2012       SH: 15    Dex: 10    Spells: 13/13 levels left

rFire    . . .     SeeInvis +   v - +8 trident of the Mouth {venom, Int+9}
rCold    + . .     Faith    .   c - +1 kite shield
rNeg     . . .     Spirit   .   G - +1 plate armour {rC+}
rPois    +         Reflect  .   (helmet unavailable)
rElec    .         Harm     .   h - +2 cloak {Will+}
rCorr    +         Rampage  +   I - +0 pair of gloves
Will     +++..                  b - +0 pair of boots {rampage}
Stlth    ..........             q - amulet of regeneration
HPRegen  1.26/turn              x - ring of poison resistance
MPRegen  0.14/turn              D - ring "Dupluiga" {Will+ rCorr Str+3 Int+6}

@: gold aura
A: permanent stasis, dig shafts and tunnels, antennae 3, four strong arms
a: Dig, Shaft Self, Renounce Religion, Potion Petition, Call Merchant, Bribe
Branch


You were on level 6 of the Lair of Beasts.
You worshipped Gozag.
Gozag was most pleased with you.
You visited 2 branches of the dungeon, and saw 15 of its levels.

You collected 3832 gold pieces.
You spent 1134 gold pieces at shops.
You paid 686 gold pieces to Gozag.

Inventory:

Hand Weapons
 a - a +0 trident
 k - a +3 lajatang
 v - the +8 trident of the Mouth (weapon) {venom, Int+9}
   (You found it on level 7 of the Dungeon)

   It poisons the flesh of those it strikes.
   It affects your intelligence (+9).
Missiles
 n - 8 atropa-tipped darts
 o - 23 boomerangs
 p - 57 poisoned darts (quivered)
 s - 4 javelins
 B - 9 curare-tipped darts
 P - a throwing net
Armour
 b - a +0 pair of boots of rampaging (worn)
 c - a +1 kite shield (worn)
 h - a +2 cloak of willpower (worn)
 G - a +1 plate armour of cold resistance (worn)
 I - a +0 pair of gloves (worn)
Jewellery
 q - an amulet of regeneration (around neck)
 x - a ring of poison resistance (left hand)
 D - the ring "Dupluiga" (right hand) {Will+ rCorr Str+3 Int+6}
   (You bought it in a shop on level 9 of the Dungeon)

   [ring of resist corrosion]

   It affects your strength (+3).
   It affects your intelligence (+6).
   It protects you from acid and corrosion.
   It increases your willpower.
 K - a ring of see invisible
Wands
 F - a wand of charming (8)
 J - a wand of flame (48)
Scrolls
 r - a scroll of amnesia
 t - a scroll of noise
 y - a scroll of brand weapon
 C - a scroll of summoning
 E - 3 scrolls of enchant armour
 L - a scroll of immolation
 M - a scroll of fog
 N - a scroll of holy word
 O - a scroll of torment
 Q - a scroll of magic mapping
 R - a scroll of enchant weapon
Potions
 d - 4 potions of might
 f - a potion of resistance
 g - 6 potions of lignification
 i - a potion of attraction
 j - a potion of ambrosia
 l - 3 potions of heal wounds
 m - 4 potions of curing
 u - a potion of magic
 w - a potion of cancellation
 z - 2 potions of haste
 A - 2 potions of flight
 H - a potion of invisibility


   Skills:
 + Level 5.7 Fighting
 - Level 12.7(14.0) Polearms
 - Level 10.1(12.7) Staves
 - Level 6.0 Throwing
 - Level 5.0 Armour
 - Level 5.0 Dodging
 - Level 15.0 Shields
 + Level 2.4 Evocations


You had 13 spell levels left.
You didn't know any spells.
Your spell library contained the following spells:

 Spells                   Type           Power      Damage    Failure   Level
 Freeze                   Ice            0%         1d3       85%         1
 Magic Dart               Conj           0%         1d3       85%         1
 Call Imp                 Summ           0%         N/A       94%         2
 Slow                     Hex            0%         N/A       94%         2
 Conjure Flame            Conj/Fire      0%         6-21      99%         3
 Frozen Ramparts          Ice            0%         1d2       99%         3
 Mephitic Cloud           Conj/Pois/Air  0%         N/A       99%         3
 Ozocubu's Armour         Ice            0%         N/A       99%         3
 Hailstorm                Conj/Ice       0%         3d3       100%        4
 Metabolic Englaciation   Hex/Ice        0%         N/A       100%        5
 Borgnjor's Revivificati  Necr           0%         N/A       100%        8
 Infestation              Necr           0%         N/A       100%        8
 Necromutation            Tmut/Necr      0%         N/A       100%        8
 Death's Door             Necr           0%         N/A       100%        9
 Blink                    Tloc           Unusable   N/A       N/A         2

Dungeon Overview and Level Annotations

Branches:
Dungeon (9/15)             Temple (0/1) D:7            Lair (6/6) D:9
 Shoals (0/4) Lair:3       Spider (0/4) Lair:4
  Slime: Lair:5-6       Orc: D:9-12

Altars:
Ashenzari
Cheibriados
Elyvilon
Fedhas
Gozag
Hepliaklqana
Kikubaaqudgha
Ru
Sif Muna
Trog
Wu Jian
Xom
Yredelemnul
Beogh

Shops:
D:5 [   D:9 *=

Annotations:
Lair:2 exclusion: 4 oklob plants


Innate Abilities, Weirdness & Mutations

You cannot be hasted, slowed, berserked, paralysed or teleported.
You can dig through walls and to a lower floor.
You have a pair of large antennae on your head. (SInv)
Your four strong arms can wield two-handed weapons with a shield.


Message History

The death yak looks as sick as possible!
The death yak is moderately wounded.
The death yak gores you!!
The death yak is distracted by your dazzling golden aura.
The death yak bellows!
You puncture the death yak!
The death yak is no longer distracted by gold.
The death yak is severely wounded.
The death yak gores you!! You block the death yak's attack.
You hit the death yak.
The death yak looks as sick as possible!
The death yak is severely wounded.
You block the death yak's attack.
You completely miss the death yak.
The death yak is severely wounded.
The death yak gores you. The death yak barely misses you.
The death yak gores you but does no damage.
You hit the death yak but do no damage.
The death yak looks as sick as possible!
The death yak is severely wounded.
The death yak gores you but does no damage.
The death yak gores you!
You puncture the death yak!
The death yak is almost dead.
The death yak gores you! The death yak gores you!!
* * * LOW HITPOINT WARNING * * *
You are too injured to fight recklessly!
You are too injured to fight recklessly!
You are too injured to fight recklessly!
You are too injured to fight recklessly!
You block the six-headed hydra's attack.
The six-headed hydra bites you but does no damage.
You block the six-headed hydra's attack. x3
The six-headed hydra bites you.
* * * LOW HITPOINT WARNING * * *
The death yak gores you!
* * * LOW HITPOINT WARNING * * *
The death yak gores you!
You die...
Your body crumbles into a pile of gold.

### ###
#######.###.##########
.###........##...#.##.#.#
.......Y.................
.......YY...........<....
......YY@................
......$D.................
.......Y.................
#........................
.........................
.........................
...............#.........
............#.#.#........


You could see 6 death yaks and a six-headed hydra.

Vanquished Creatures
  Nessos (Lair:5)
  5 hydras
  3 boulder beetles
  A wolf spider (Lair:4)
  A black mamba (Lair:5)
  7 cane toads
  4 komodo dragons
  4 rime drakes
  A troll (D:5)
  4 dream sheep (Lair:5)
  13 blink frogs
  53 yaks
  4 wyverns
  4 basilisks
  An acid dragon (D:6)
  27 water moccasins
  8 orc warriors
  A sky beast (D:6)
  A swamp drake (Lair:5)
  2 ice beasts
  5 black bears
  An ogre (D:5)
  13 wolves
  5 centaurs
  2 kobold brigands
  Blork the orc (D:4)
  15 bullfrogs
  2 scorpions
  A water moccasin skeleton (D:6)
  8 wights
  4 killer bees (D:7)
  5 howler monkeys
  2 electric eels
  A bullfrog zombie (D:5)
  2 centaur zombies
  5 hounds
  3 jellies
  2 centaur skeletons
  Crazy Yiuf (D:4)
  8 orc priests
  3 iguanas
  3 orc wizards
  2 killer bee zombies
  A hound zombie (D:5)
  A hound skeleton (D:4)
  A gnoll (D:4)
  18 adders
  A shadow imp (D:7)
  A white imp (D:5)
  A worm (D:6)
  2 dart slugs
  43 orcs
  6 endoplasms
  A giant cockroach (D:2)
  12 goblins
  4 hobgoblins
  6 jackals
  18 kobolds
  2 quokkas (D:1)
  8 ball pythons
  8 bats
  2 frilled lizards (D:2)
  9 rats
  A bush (D:8)
385 creatures vanquished.

Vanquished Creatures (others)
  2 adders (Lair:5)
  15 fungi
  22 plants
39 creatures vanquished.

Grand Total: 424 creatures vanquished

Notes
Turn   | Place    | Note
-------+----------+-------------------------------------------
     0 | D:1      | Delamore the Formicid Fighter began the quest for the Orb.
     0 | D:1      | Reached XP level 1. HP: 18/18 MP: 1/1
    65 | D:1      | Reached XP level 2. HP: 23/24 MP: 2/2
   525 | D:1      | Reached XP level 3. HP: 29/30 MP: 3/3
  1069 | D:2      | Reached XP level 4. HP: 34/37 MP: 4/4
  1348 | D:2      | Reached skill level 1 in Staves
  1729 | D:3      | Found a bloodstained altar of Trog.
  2011 | D:3      | Found a shimmering blue altar of Sif Muna.
  2141 | D:3      | Found an ornate altar of the Wu Jian Council.
  2173 | D:3      | Reached XP level 5. HP: 42/42 MP: 5/5
  2366 | D:3      | Found a shimmering altar of Xom.
  2457 | D:3      | Found a basalt altar of Yredelemnul.
  2693 | D:4      | Found an opulent altar of Gozag.
  2696 | D:4      | Became a worshipper of Gozag Ym Sagoz the Greedy
  3091 | D:4      | Noticed Blork the orc
  3115 | D:4      | Killed Blork the orc
  3116 | D:4      | Reached XP level 6. HP: 31/50 MP: 6/6
  3167 | D:4      | Reached skill level 5 in Fighting
  3379 | D:4      | Noticed a black bear
  3385 | D:4      | Killed a black bear
  3414 | D:4      | Found a runed translucent door.
  3415 | D:4      | Noticed Crazy Yiuf
  3624 | D:4      | Killed Crazy Yiuf
  3625 | D:4      | Reached XP level 7. HP: 42/56 MP: 7/7
  3762 | D:5      | Entered Level 5 of the Dungeon
  3927 | D:5      | Found Tuiluh's Antique Armour Shop.
  3940 | D:5      | Reached skill level 5 in Staves
  4087 | D:5      | Noticed a water moccasin
  4099 | D:5      | Killed a water moccasin
  4367 | D:5      | Reached XP level 8. HP: 40/62 MP: 8/8
  4831 | D:6      | Noticed a troll
  5041 | D:5      | Killed a troll
  5211 | D:6      | Reached XP level 9. HP: 61/68 MP: 9/9
  5299 | D:6      | Reached skill level 1 in Throwing
  5558 | D:6      | Found a white marble altar of Elyvilon.
  5606 | D:6      | Reached skill level 10 in Staves
  5735 | D:6      | Found a snail-covered altar of Cheibriados.
  5847 | D:7      | Identified the +8 trident of the Mouth {venom, Int+9}
  6090 | D:7      | Reached skill level 5 in Polearms
  6179 | D:6      | Reached XP level 10. HP: 50/74 MP: 10/10
  6599 | D:7      | Found an ancient bone altar of Kikubaaqudgha.
  6620 | D:7      | Found a staircase to the Ecumenical Temple.
  6909 | D:7      | Found a broken altar of Ashenzari.
  7077 | D:8      | Found a blossoming altar of Fedhas.
  7107 | D:7      | Reached skill level 5 in Throwing
  7313 | D:8      | Found a transporter.
  7318 | D:8      | Found a transporter.
  7319 | D:8      | Noticed a boulder beetle
  7499 | D:8      | Reached XP level 11. HP: 61/79 MP: 11/11
  7517 | D:7      | Reached skill level 10 in Polearms
  8121 | D:8      | Killed a boulder beetle
  8504 | D:9      | Found a sacrificial altar of Ru.
  8515 | D:9      | Found Jiegexui's Jewellery Shoppe.
  8523 | D:9      | Bought the ring "Dupluiga" {Will+ rCorr Str+3 Int+6} for
                  | 721 gold pieces
  8608 | D:9      | Found a hazy altar of Hepliaklqana.
  8851 | D:9      | Found a staircase to the Lair.
  8862 | D:9      | Bought a scroll of brand weapon for 280 gold pieces
  8862 | D:9      | Bought a scroll of summoning for 133 gold pieces
  8864 | Lair:1   | Entered Level 1 of the Lair of Beasts
  8936 | Lair:1   | Noticed a seven-headed hydra
  8951 | Lair:1   | Killed a seven-headed hydra
  8956 | Lair:1   | Reached skill level 1 in Dodging
  8956 | Lair:1   | Reached skill level 4 in Shields
  9214 | Lair:1   | Reached XP level 12. HP: 57/86 MP: 12/12
  9619 | Lair:1   | Reached skill level 5 in Shields
  9668 | Lair:1   | Reached skill level 5 in Armour
  9700 | Lair:2   | Reached skill level 6 in Shields
  9974 | Lair:2   | Reached skill level 7 in Shields
 10629 | Lair:3   | Noticed a five-headed hydra
 10644 | Lair:3   | Noticed an eight-headed hydra
 10652 | Lair:3   | Killed a five-headed hydra
 10653 | Lair:3   | Reached skill level 5 in Dodging
 10653 | Lair:3   | Reached skill level 8 in Shields
 10671 | Lair:2   | Killed an eight-headed hydra
 10758 | Lair:3   | Found a staircase to the Shoals.
 10775 | Lair:3   | Reached skill level 9 in Shields
 10870 | Lair:3   | Noticed a four-headed hydra
 10879 | Lair:3   | Killed a four-headed hydra
 11022 | Lair:3   | Reached skill level 10 in Shields
 11033 | Lair:3   | Reached XP level 13. HP: 71/91 MP: 13/13
 11095 | Lair:3   | Noticed a four-headed hydra
 11105 | Lair:3   | Killed a four-headed hydra
 11152 | Lair:3   | Reached skill level 11 in Shields
 11688 | Lair:4   | Reached skill level 12 in Shields
 11951 | Lair:4   | Identified the +3 chain mail "Ecaonk" {+Inv Int+4}
 12106 | Lair:4   | Reached skill level 13 in Shields
 12180 | Lair:4   | Found a hole to the Spider Nest.
 12835 | Lair:5   | Reached skill level 14 in Shields
 13033 | Lair:5   | Noticed a boulder beetle
 13053 | Lair:5   | Noticed Nessos
 13053 | Lair:5   | Killed a boulder beetle
 13078 | Lair:5   | Killed Nessos
 13158 | Lair:5   | Noticed a boulder beetle
 13171 | Lair:5   | Killed a boulder beetle
 13358 | Lair:5   | Reached skill level 15 in Shields
 13452 | Lair:5   | Reached skill level 1 in Evocations
 13586 | Lair:5   | Reached XP level 14. HP: 89/98 MP: 14/14
 13851 | Lair:6   | Entered Level 6 of the Lair of Beasts
 13885 | Lair:6   | Slain by a death yak

Illustrated notes

Levels and vault maps discovered:
D:1:      evilmike_arrival_plus, layout_rooms
D:2:      layout_loops_corners, minivault_4
D:3:      layout_rooms, lemuel_tele_altar, yredelemnul_altar_generic,
          old_standard_altar, nicolae_wu_jian_glorious_leap, marbit_many_paths,
          minmay_misc_feat_cross
D:4:      layout_loops_ring, grunt_gozag_breadcrumbs, kennysheep_small_circle,
          uniq_crazy_yiuf_cottage, uniq_blork_the_orc
D:5:      layout_loops_corners, serial_shops, nicolae_shop_statue_plus
D:6:      layout_loops_ring, general_overflow_altar, cheibrodos_worm_habitat
D:7:      layout_loops_cross, lemuel_round_altar, kennysheep_mini_moat,
          minmay_temple_entry_wispy, amcnicky_mini_pool_medium
D:8:      gammafunk_boulding_lane, layout_gridville,
          fedhas_bush_and_centaur_altar, special_room [special_room_orc]
D:9:      layout_big_octagon, kennysheep_little_box, hangedman_ru_absence,
          grunt_lair_entry_orc_guard_hut, serial_shops, shop
Lair:1:   layout_long_grid
Lair:2:   layout_misc_corridors, minmay_lair_oklob_chamber,
          serial_bayou_shore_b, serial_bayou_shore_b, serial_bayou_shore_b,
          grunt_megastairs_5
Lair:3:   layout_gridlike, shoals_dummy_entry, beast_lair_carwin_4,
          grunt_megastairs_4
Lair:4:   layout_regular_city, spider_nest_entry_rubble, beast_lair_carwin_11
Lair:5:   lemuel_reptile_caves, layout_misc_corridors, uniq_nessos
Lair:6:   cheibrodos_lair_end_hotspot, layout_regular_city,
          minmay_slime_entry_pillars

Skill      XL: |  1  2  3  4  5  6  7  8  9 10 11 12 13 14 |
---------------+-------------------------------------------+-----
Polearms       | 3 5 9 12 | 12.7
Fighting       | 4 5 |  5.7
Staves         | 1 3 4 6 9 10 | 10.1
Throwing       | 4 6 |  6.0
Dodging        | 1 5 |  5.0
Shields        | 4 10 15 | 15.0
Armour         | 4 5 |  5.0
Evocations     | 1 2 |  2.4

Action                   |  1- 3 |  4- 6 |  7- 9 | 10-12 | 13-15 || total
-------------------------+-------+-------+-------+-------+-------++-------
Melee: Trident           |    87 |       |    76 |   580 |   413 ||  1156
       Lajatang          |     2 |   197 |   212 |       |       ||   411
Throw: Dart              |       |     3 |     4 |     3 |       ||    10
Invok: Call Merchant     |       |       |       |     1 |       ||     1
 Abil: Dig               |       |     1 |     2 |     5 |       ||     8
  Use: Scroll            |     3 |     6 |     8 |     6 |     2 ||    25
       Potion            |       |       |     1 |     2 |       ||     3
 Stab: Distracted        |       |       |       |       |     2 ||     2
       Confused          |       |       |       |       |     2 ||     2
Armor: Scale mail        |    49 |   114 |   126 |    17 |       ||   306
       Plate armour      |       |       |       |   262 |    95 ||   357
Dodge: Dodged            |    29 |    74 |   106 |   146 |    69 ||   424
Block: Kite shield       |    35 |   132 |   174 |   322 |   186 ||   849

Table legend: (Time is in decaauts)
 A = Elapsed time spent in this place.
 B = Non-inter-level travel time spent in this place.
 C = Inter-level travel time spent in this place.
 D = Time resting spent in this place.
 E = Time spent auto-exploring this place.
 F = Levels seen in this place.
 G = Mean time per level.
                   A        B        C        D        E       F      G
               +--------+--------+--------+--------+--------+-----+--------+
         Total |  13830 |  13156 |    674 |   1019 |   9276 |  15 |  922.0 |
       Dungeon |   9022 |   8513 |    509 |    854 |   5553 |   9 | 1002.4 |
          Lair |   4807 |   4642 |    165 |    165 |   3723 |   6 |  801.2 |
               +--------+--------+--------+--------+--------+-----+--------+

Top non-repeatable levels by time:
     D:5: 1319 daAuts
     D:2: 1288 daAuts
     D:7: 1178 daAuts
     D:4: 1131 daAuts
     D:6: 1099 daAuts
  Lair:5: 1082 daAuts
  Lair:4: 1008 daAuts
  Lair:2: 978 daAuts
     D:8: 948 daAuts
  Lair:3: 899 daAuts
  Lair:1: 811 daAuts
     D:3: 783 daAuts
     D:1: 676 daAuts
     D:9: 597 daAuts
  Lair:6: 26 daAuts
